Description

The most generic and safe way to open in PvP. Using 4-stalkers and a MSC to defend anything whilst getting a fast observer to stop DT tech. I follow up with blink-disruptor in this game.

VOD

https://www.youtube.com/watch?v=G1KXtPDSsWk

Replay - PvP - Safe 4-Stalker Expand - The PiG Daily #182

Build Order

Get SALT Encoding   

  12  0:01  Probe (Chrono Boost)  
  13  0:12  Probe (Chrono Boost)  
  14  0:18  Pylon  
  14  0:23  Probe (Chrono Boost)  
  15  0:36  Probe (Chrono Boost)  
  15  0:37  Gateway  
  15  0:42  Assimilator  
  16  0:47  Probe (Chrono Boost)  
  17  0:57  Probe (Chrono Boost)  
  17  0:59  Assimilator  
  18  1:08  Probe (Chrono Boost)  
  18  1:09  Gateway  
  19  1:19  Probe (Chrono Boost)  
  20  1:26  Cybernetics Core  
  20  1:29  Probe (Chrono Boost)  
  21  1:40  Probe (Chrono Boost)  
  21  1:44  Pylon  
  22  1:48  Warp Gate  
  23  2:04  Stalker x2  
  28  2:13  Pylon  
  30  2:18  Mothership Core (Chrono Boost)  
  30  2:34  Stalker x2  
  37  3:06  Nexus  
  38  3:20  Robotics Facility  
  38  3:28  Pylon  
  38  3:54  Sentry x2  
  42  4:05  Observer  
  42  4:08  Twilight Council  
  44  4:20  Pylon  
  44  4:21  Stalker x2  
  51  4:31  Immortal  
  57  4:48  Blink  
  57  4:49  Assimilator  
  60  5:08  Assimilator  
  60  5:13  Immortal  
  68  5:38  Gateway x2  
  69  5:47  Immortal  
  76  6:05  Stalker x2  
  80  6:21  Warp Prism  
  80  6:24  Nexus  
  83  6:36  Sentry  
  86  6:45  Robotics Bay  
  88  6:58  Stalker x2  
  94  7:10  Charge  
  92  7:39  Disruptor  
  92  7:40  Zealot x4  
  101  7:45  Assimilator  
  105  8:03  Adept x3  
  105  8:10  Disruptor  
  107  8:12  Robotics Facility  
  110  8:26  Assimilator  
  116  8:54  Forge  
  116  9:03  Gateway x3  
  124  9:17  Protoss Ground Weapons Level 1  
  124  9:29  Photon Cannon x3  
  124  9:38  Photon Cannon  
  124  9:44  Disruptor x2  
  130  9:59  Zealot x4  
Spawning Tool Build Advisor. Get it on Overwolf

Go to:

Details

  • Created by: PiG      
  • Published on: Jun 06, 2017
  • Modified on: Jun 06, 2017
  • Patch: 3.8.0
Show
View Real Time Build Order
Export as new Build Order

Comments (1)

On June 6, 2017, 10:26 a.m., TheMassivMan  said:

Nice, looking forward to that one!

Create an account to comment!